 Dungeon Crawl Stone Soup version 0.29.1-1-gd02db6906a (webtiles) character file.

Game seed: 8762772881353372061

32396 FastidiousMonk the Warrior (level 13, -2/128 HPs)
             Began as a Minotaur Berserker on Oct 2, 2022.
             Was an Elder of Trog.
             Killed from afar by an electric eel (8 damage)
             ... with a bolt of electricity
             ... on level 5 of the Lair of Beasts on Oct 3, 2022.
             The game lasted 02:56:02 (20632 turns).

FastidiousMonk the Warrior (Minotaur Berserker)    Turns: 20632, Time: 02:56:02

Health: -2/128     AC: 18    Str: 27    XL:     13   Next: 31%
Magic:  0/12       EV: 19    Int:  4    God:    Trog [****..]
Gold:   882        SH:  3    Dex: 10    Spells: 12/12 levels left

rFire   . . .      SeeInvis .   a - +1 hand axe (vamp)
rCold   . . .      Faith    .   Y - +0 buckler
rNeg    . . .      Spirit   +   D - quicksilver dragon scales
rPois   +          Reflect  .   M - +0 hat
rElec   .          Harm     .   (no cloak)
rCorr   .          Rampage  .   J - +1 pair of gloves
Will    +....                   i - +0 pair of boots
Stlth   ..........              C - amulet of guardian spirit
HPRegen 0.31/turn               n - +4 ring of evasion
MPRegen 0.13/turn               m - ring of poison resistance

@: on berserk cooldown, slowed, studying Axes, very slow
A: horns 2, retaliatory headbutt
a: Renounce Religion, Berserk, Trog's Hand, Brothers in Arms


You were on level 5 of the Lair of Beasts.
You worshipped Trog.
Trog was greatly pleased with you.
You visited 3 branches of the dungeon, and saw 14 of its levels.

You collected 882 gold pieces.

Inventory:

Hand Weapons
 a - a +1 vampiric hand axe (weapon)
 b - a +2 sling of freezing
 s - a +2 shortbow of freezing
 w - a +7 halberd
 y - the +7 spear "Rummage" {venom, rPois Int+4}
   (You found it on level 3 of the Lair of Beasts)

   It poisons the flesh of those it strikes.
   Int:       It affects your intelligence (+4).
   rPois:     It protects you from poison.
 W - a +0 demon trident of electrocution
 X - a +5 trident of flaming
 Z - a +2 battleaxe
Missiles
 f - 134 stones (quivered)
 g - 4 silver boomerangs
 O - 27 poisoned darts
 P - 2 curare-tipped darts
 T - 5 silver javelins
Armour
 i - a +0 pair of boots (worn)
 D - quicksilver dragon scales (worn)
 H - a +2 scale mail of positive energy
 J - a +1 pair of gloves (worn)
 M - a +0 hat (worn)
 Y - a +0 buckler (worn)
Jewellery
 m - a ring of poison resistance (right hand)
 n - a +4 ring of evasion (left hand)
 z - a ring of magical power
 C - an amulet of guardian spirit (around neck)
 E - an amulet of faith
Wands
 L - a wand of iceblast (11)
 Q - a wand of paralysis (2)
 S - a wand of digging (5)
Scrolls
 d - 8 scrolls of teleportation
 e - a scroll of enchant armour {unknown}
 h - a scroll of fog
 j - 2 scrolls of blinking {unknown}
 o - a scroll of silence {unknown}
 q - a scroll of brand weapon {unknown}
 x - a scroll of enchant weapon {unknown}
 B - a scroll of fear
 N - 5 scrolls of noise
 U - 2 scrolls of summoning {unknown}
Potions
 c - 5 potions of curing
 k - 2 potions of flight {unknown}
 l - 6 potions of heal wounds
 p - a potion of might {unknown}
 r - 3 potions of mutation {unknown}
 t - a potion of attraction {unknown}
 u - 3 potions of berserk rage
 v - a potion of brilliance {unknown}
 F - a potion of cancellation {unknown}
 G - 2 potions of ambrosia
 I - a potion of degeneration {unknown}
 K - a potion of haste {unknown}
 R - 2 potions of resistance {unknown}
Miscellaneous
 V - a box of beasts (inert)


   Skills:
 * Level 15.9 Fighting
 - Level 12.5(13.9) Axes
 - Level 7.1(10.7) Maces & Flails
 - Level 7.1(10.7) Polearms
 - Level 12.6 Armour
 + Level 12.6 Dodging


You had 12 spell levels left.
You didn't know any spells.
Your spell library contained the following spells:

 Spells                   Type           Power      Damage    Failure   Level
 Sandblast                Erth           0%         2d4       71%         1
 Passwall                 Tmut/Erth      0%         N/A       85%         2
 Stone Arrow              Conj/Erth      0%         3d7       97%         3


Dungeon Overview and Level Annotations

Branches:
Dungeon (8/15)             Temple (1/1) D:4            Lair (5/5) D:8
 Shoals (0/4) Lair:2       Spider (0/4) Lair:3        Slime (0/5) Lair:5

Altars:
Ashenzari
Cheibriados
Dithmenos
Elyvilon
Fedhas
Gozag
Hepliaklqana
Kikubaaqudgha
Makhleb
Nemelex Xobeh
Okawaru
Qazlal
Ru
Sif Muna
Trog
Uskayaw
Vehumet
Wu Jian
Xom
Yredelemnul
Zin
The Shining One
Jiyva

Shops:
D:6 :

Annotations:
D:1 Altars-UnknownGod
D:3 Altars-Trog, D:4 EcumenicalTemple,Altars-Kikubaaqudgha
D:6 !Nasty3RunedDoor,Shop,Altars-ShiningOne,Qazlal,, Sanktem7's ghost, novice MiFi; btbam's ghost, novice MiMo; juncz's ghost, novice GnIE
D:8 TheLair,Altars-Zin,Gozag, Temple Altars-16(MaybeAll?)
Lair:2 TheShoals, exclusion: 2 oklob plants
Lair:3 TheSpiderNest
Lair:4 StaffOfEarth
Lair:5 exclusion: 2 oklob plants


Innate Abilities, Weirdness & Mutations

You have a pair of horns on your head.
You reflexively headbutt those who attack you in melee.


Message History

The electric eel completely resists.
The bolt of electricity hits you.
* * * LOW HITPOINT WARNING * * *
The electric eel shoots out a bolt of lightning at you!
The bolt of electricity hits you!
* * * LOW HITPOINT WARNING * * *
The bolt of electricity hits the electric eel.
The electric eel completely resists.
You feel much better.
The electric eel shoots out a bolt of lightning at you!
The bolt of electricity misses you.
The electric eel shoots out a bolt of lightning at you!
The bolt of electricity hits you!
* * * LOW HITPOINT WARNING * * *
The bolt of electricity hits the electric eel.
The electric eel completely resists.
The electric eel shoots out a bolt of lightning at you!
The bolt of electricity hits the electric eel.
The electric eel completely resists.
The bolt of electricity hits you.
* * * LOW HITPOINT WARNING * * *
The electric eel shoots out a bolt of lightning at you!
The bolt of electricity misses you.
The bolt of electricity hits the electric eel.
The electric eel completely resists.
The electric eel shoots out a bolt of lightning at you!
The bolt of electricity misses you.
The bolt of electricity hits the electric eel.
The electric eel completely resists.
Your skin stops crawling.
You feel less strong-willed.
The electric eel shoots out a bolt of lightning at you!
The bolt of electricity hits the electric eel.
The electric eel completely resists.
The bolt of electricity hits the electric eel.
The electric eel completely resists.
The bolt of electricity misses you.
The electric eel shoots out a bolt of lightning at you!
The bolt of electricity hits you!
* * * LOW HITPOINT WARNING * * *
The electric eel shoots out a bolt of lightning at you!
The bolt of electricity hits the electric eel.
The electric eel completely resists.
The bolt of electricity hits you!
You die...

. .~~~~≈≈≈≈≈≈≈~~ .#.
##.♣♣~~≈≈≈≈≈≈~♣
...##..♣~~~≈≈S≈≈P~♣~
...#..~~~~♣≈≈≈~~~~♣
....♣♣~~~~~~~~~~♣
#...♣~~~~~~~P~
#...~♣~S♣~~♣~♣♣.
##....~~S~S~~~~.. #
#P..<..~@S♣~~~♣♣.
..#P#......♣~~~~♣♣...
............~~~~♣ .
.......^.....P♣~..
#.#.#.###.##.##~~###
# #### #.#.### ###
#####


You could see 5 electric eels.

Vanquished Creatures
  A boulder beetle (Lair:3)
  5 hydras
  Fannar (Lair:2)
  A catoblepas (Lair:3)
  6 death yaks (Lair:2)
  Urug (Lair:2)
  Nergalle (Lair:2)
  Pikel (D:4)
  A lindwurm (Lair:3)
  A slime creature (D:6)
  A black mamba (Lair:1)
  6 gargoyles (D:7)
  9 cane toads
  5 rime drakes
  9 komodo dragons
  A troll (D:6)
  4 polar bears
  A hornet (D:8)
  12 blink frogs
  10 dream sheep
  Sigmund (D:2)
  18 yaks
  3 wyverns
  A basilisk (Lair:2)
  Grum (Lair:1)
  Menkaure (D:7)
  Duvessa (D:5)
  5 water moccasins
  2 black bears
  2 orc warriors
  2 ice beasts
  A sky beast (D:6)
  An ogre (D:7)
  10 wolves
  A lemure (D:4)
  6 centaurs
  A phantom (D:5)
  4 kobold brigands
  4 bullfrogs
  3 necrophages
  A gnoll sergeant (D:7)
  7 wights (D:8)
  Dowan (D:5)
  3 killer bees (D:8)
  An electric eel (Lair:2)
  A howler monkey (D:6)
  2 orc priests (D:7)
  3 hounds
  2 gnoll boudas (D:6)
  3 jellies (D:6)
  3 iguanas
  Natasha (twice) (D:4)
  2 orc wizards
  18 gnolls
  6 adders
  A shadow imp (D:6)
  3 white imps
  3 ufetubi
  7 dart slugs
  28 orcs
  11 endoplasms
  6 giant cockroaches
  11 goblins
  10 hobgoblins
  3 jackals (D:4)
  6 quokkas
  5 ball pythons
  3 bats
  19 kobolds
  3 rats
319 creatures vanquished.

Vanquished Creatures (others)
  20 fungi
  118 plants
  10 toadstools (D:6)
  A withered plant (D:4)
149 creatures vanquished.

Grand Total: 468 creatures vanquished

Notes
Turn   | Place    | Note
-------+----------+-------------------------------------------
     0 | D:1      | FastidiousMonk the Minotaur Berserker began the quest for
                  | the Orb.
     0 | D:1      | Reached XP level 1. HP: 19/19 MP: 0/0
    31 | D:1      | Reached skill level 4 in Fighting
   244 | D:1      | Reached XP level 2. HP: 28/28 MP: 1/1
   374 | D:1      | Reached skill level 5 in Fighting
   393 | D:1      | Reached XP level 3. HP: 36/36 MP: 2/2
   616 | D:1      | You fall into a shaft and drop 1 floor!
   778 | D:2      | Noticed Sigmund
   801 | D:2      | Killed Sigmund
   802 | D:2      | Reached skill level 7 in Fighting
   802 | D:2      | Reached XP level 4. HP: 47/47 MP: 3/3
   802 | D:2      | Reached XP level 5. HP: 52/52 MP: 4/4
   859 | D:2      | Reached ** piety under Trog
  1154 | D:1      | Found a faded altar of an unknown god.
  1626 | D:2      | Reached skill level 8 in Fighting
  2195 | D:3      | Found a bloodstained altar of Trog.
  2249 | D:3      | Reached XP level 6. HP: 61/61 MP: 5/5
  3061 | D:4      | Found an ancient bone altar of Kikubaaqudgha.
  3088 | D:4      | Noticed Pikel
  3102 | D:4      | Killed Pikel
  3103 | D:4      | Reached skill level 10 in Fighting
  3103 | D:4      | Reached XP level 7. HP: 73/73 MP: 6/6
  3628 | D:4      | Found a staircase to the Ecumenical Temple.
  3648 | D:4      | Reached *** piety under Trog
  3859 | D:4      | Noticed Natasha
  3865 | D:4      | Killed Natasha
  4299 | D:5      | Entered Level 5 of the Dungeon
  4316 | D:5      | Reached XP level 8. HP: 74/81 MP: 7/7
  4391 | D:5      | Noticed Dowan
  4406 | D:5      | Noticed Duvessa
  4407 | D:5      | Killed Dowan
  4427 | D:5      | Killed Duvessa
  4428 | D:5      | Reached skill level 5 in Axes
  6018 | D:4      | Noticed Natasha
  6024 | D:4      | Killed Natasha
  6082 | D:6      | Reached skill level 5 in Armour
  6113 | D:6      | Found a glowing golden altar of the Shining One.
  6150 | D:6      | Found a stormy altar of Qazlal.
  6250 | D:6      | Identified the +2 helmet of the True Pharaoh {Contam rElec
                  | Dex+3}
  6374 | D:6      | Reached skill level 5 in Dodging
  6924 | D:6      | Noticed a troll
  6930 | D:6      | Killed a troll
  6931 | D:6      | Reached XP level 9. HP: 86/86 MP: 4/8
  7147 | D:6      | Reached **** piety under Trog
  7383 | D:6      | Killed a large slime creature
  7384 | D:6      | Reached skill level 10 in Axes
  7536 | D:6      | Found a runed translucent gate.
  7536 | D:6      | Found a runed translucent gate.
  7536 | D:6      | Found a runed translucent gate.
  7540 | D:6      | Noticed Sanktem7's ghost (novice MiFi)
  7540 | D:6      | Noticed btbam's ghost (novice MiMo)
  7540 | D:6      | Noticed juncz's ghost (novice GnIE)
  7741 | D:6      | Found Qaraoloh's Book Shop.
  8673 | D:7      | Reached skill level 11 in Fighting
  8979 | D:7      | Noticed a gargoyle
  9010 | D:7      | Killed a gargoyle
  9071 | D:7      | Noticed a gargoyle
  9093 | D:7      | Killed a gargoyle
  9094 | D:7      | Reached XP level 10. HP: 54/96 MP: 4/9
  9129 | D:7      | Noticed a gargoyle
  9202 | D:7      | Noticed a gargoyle
  9219 | D:7      | Killed a gargoyle
  9297 | D:7      | Killed a gargoyle
  9374 | D:7      | Noticed a gargoyle
  9398 | D:7      | Killed a gargoyle
  9490 | D:7      | Noticed a gargoyle
  9504 | D:7      | Killed a gargoyle
  9860 | D:7      | Noticed Menkaure
  9864 | D:7      | Killed Menkaure
 10186 | Temple   | Entered the Ecumenical Temple
 10529 | D:8      | Reached skill level 12 in Fighting
 10677 | D:8      | Reached skill level 1 in Maces & Flails
 10758 | D:8      | Reached skill level 1 in Polearms
 11220 | D:8      | Found a glowing silver altar of Zin.
 11221 | D:8      | Found an opulent altar of Gozag.
 11812 | D:8      | Found a staircase to the Lair.
 12110 | Lair:1   | Entered Level 1 of the Lair of Beasts
 12112 | Lair:1   | Noticed Grum
 12167 | Lair:1   | Killed Grum
 12417 | Lair:1   | Noticed a black mamba
 12423 | Lair:1   | Noticed a cane toad
 12429 | Lair:1   | Killed a black mamba
 12430 | Lair:1   | Reached XP level 11. HP: 104/104 MP: 8/10
 12437 | Lair:1   | Reached skill level 10 in Armour
 12706 | Lair:1   | Reached skill level 5 in Maces & Flails
 12706 | Lair:1   | Reached skill level 5 in Polearms
 13030 | Lair:1   | You fall into a shaft and drop 1 floor!
 13030 | Lair:2   | Noticed Urug
 13051 | Lair:2   | Killed Urug
 13069 | Lair:2   | Noticed a five-headed hydra
 13631 | Lair:2   | Noticed Nergalle
 13672 | Lair:2   | Killed Nergalle
 13673 | Lair:2   | Reached skill level 10 in Dodging
 13801 | Lair:2   | Noticed Fannar
 13830 | Lair:2   | Killed Fannar
 13920 | Lair:2   | Found a staircase to the Shoals.
 13971 | Lair:2   | Killed a 14-headed hydra
 14148 | Lair:2   | Noticed a death yak
 14148 | Lair:2   | Noticed a death yak
 14148 | Lair:2   | Noticed a death yak
 14165 | Lair:2   | Noticed a death yak
 14171 | Lair:2   | Noticed a death yak
 14172 | Lair:2   | Noticed a death yak
 14175 | Lair:2   | Killed a death yak
 14183 | Lair:2   | Killed a death yak
 14184 | Lair:2   | Reached XP level 12. HP: 100/112 MP: 4/11
 14187 | Lair:2   | Killed a death yak
 14189 | Lair:2   | Killed a death yak
 14196 | Lair:2   | Killed a death yak
 14207 | Lair:2   | Killed a death yak
 14568 | Lair:2   | Noticed an eight-headed hydra
 14598 | Lair:2   | Killed a 19-headed hydra
 14618 | Lair:2   | Reached skill level 13 in Fighting
 15989 | Lair:3   | Noticed a catoblepas
 16003 | Lair:3   | Killed a catoblepas
 16057 | Lair:3   | Found a hole to the Spider Nest.
 16064 | Lair:3   | Noticed a boulder beetle
 16343 | Lair:3   | Killed a boulder beetle
 16556 | Lair:3   | Reached skill level 14 in Fighting
 16942 | Lair:3   | Noticed a seven-headed hydra
 16962 | Lair:3   | Killed an 18-headed hydra
 17224 | Lair:3   | Identified the +7 spear "Rummage" {venom, rPois Int+4}
 18047 | Lair:4   | Reached XP level 13. HP: 102/125 MP: 10/12
 18195 | Lair:4   | Reached skill level 15 in Fighting
 18932 | Lair:5   | Entered Level 5 of the Lair of Beasts
 19538 | Lair:5   | Found a viscous altar of Jiyva.
 19538 | Lair:5   | Found a staircase to the Slime Pits.
 20625 | Lair:5   | HP: 5/128 [electric eel/bolt of electricity (16)]
 20630 | Lair:5   | HP: 6/128 [electric eel/bolt of electricity (8)]
 20632 | Lair:5   | Killed from afar by an electric eel

Illustrated notes

Levels and vault maps discovered:
D:1:      dpeg_arrival_pits, layout_basic, basic_ecumenical_altar
D:2:      layout_basic, uniq_sigmund
D:3:      layout_rooms, mainiacjoe_overflow_small_starburst
D:4:      layout_basic, kiku_gazebo_garden_becter,
          minmay_temple_entry_drinking_statues, minivault_5,
          minmay_manual_monstrance, uniq_pikel, uniq_natasha
D:5:      layout_loops_corners, chequers_mini_garden, chequers_big_river,
          chequers_serial_rivers_large_a, uniq_duvessa
D:6:      cheibrodos_fertilizer, layout_basic, grunt_temple_overflow_open,
          serial_shops, nicolae_shop_statue_plus, gammafunk_ghost_cemetery,
          minmay_small_thing
D:7:      cheibrodos_statue_roulette, layout_basic, kennysheep_dice,
          uniq_menkaure
D:8:      layout_layer_cave, grunt_temple_overflow_gold_and_silver,
          david_lair_shrubbed
Temple:   nicolae_temple_x_marks_the_god
Lair:1:   layout_chaotic_city, uniq_grum
Lair:2:   minmay_lair_oklob_chamber, layout_gridlike,
          minmay_shoals_entry_centaurs, minivault_19,
          nicolae_quartered_pool_little, uniq_fannar, uniq_nergalle, uniq_urug
Lair:3:   layout_loops_ring, spider_nest_entry_web_field,
          infiniplex_staircase_pool
Lair:4:   layout_concentric_octagons, grunt_megastairs_2
Lair:5:   grunt_lair_end_beastmaster, layout_regular_city,
          minmay_slime_entry_oklob_open, st_stairs_13, serial_bayou_pond_a,
          chequers_serial_rivers_large_b, serial_bayou_lake_a

Skill      XL: |  1  2  3  4  5  6  7  8  9 10 11 12 13 |
---------------+----------------------------------------+-----
Fighting       | 4 5 7 8 10 11 12 14 15 | 15.9
Axes           | 4 8 11 12 | 12.5
Armour         | 3 6 8 9 11 12 | 12.6
Dodging        | 3 5 7 9 10 12 | 12.6
Maces & Flails | 3 7 |  7.1
Polearms       | 3 7 |  7.1

Action                   |  1- 3 |  4- 6 |  7- 9 | 10-12 | 13-15 || total
-------------------------+-------+-------+-------+-------+-------++-------
Melee: Hand axe          |    44 |   113 |   274 |   624 |    16 ||  1071
       Headbutt          |    10 |    18 |    51 |   176 |    43 ||   298
       Punch             |     1 |     1 |     5 |     2 |       ||     9
       Spear             |       |       |       |    36 |   126 ||   162
       Demon trident     |       |       |       |     4 |       ||     4
 Fire: Sling             |       |     1 |    70 |    80 |       ||   151
Throw: Stone             |       |       |       |     4 |     4 ||     8
Invok: Berserk           |     1 |     2 |     7 |    10 |     1 ||    21
       Trog's Hand       |       |       |     1 |     4 |     1 ||     6
Evoke: Box of beasts     |       |       |       |       |     1 ||     1
  Use: Scroll            |       |     4 |     3 |     4 |     1 ||    12
       Potion            |       |       |       |       |     5 ||     5
Armor: Animal skin       |     2 |       |       |       |       ||     2
       Leather armour    |     4 |       |       |       |       ||     4
       Plate armour      |       |    40 |       |       |       ||    40
       Quicksilver drago |       |    14 |    78 |   187 |    33 ||   312
Dodge: Dodged            |    23 |    41 |   179 |   472 |    89 ||   804
Block: Buckler           |       |       |       |    56 |     6 ||    62
